cohdb
Replays
Latest Replays
All Replays
Popular Replays
Top Player Replays
Match Explorer
How It Works
Community
CoH3 Stats
Reddit
Sign in to upload your games and track your stats! →
Sign in with Steam
Match 31156828
Unlisted
Match 31156828
Overview
Messages
Build Orders
End
Vickers Machine Gun Team
Construct Section Command Post
Infantry Section
Infantry Section
Selects Indian Artillery Battlegroup
Selects Towed ML 4.2-inch Heavy Mortar
Towed ML 4.2-inch Heavy Mortar
Construct Platoon Command Post
Humber Armored Car
6-pounder Anti-tank Gun Team
Selects Valour
Selects Gurkha Rifles Section
Gurkha Rifles Section
Gurkha Rifles Section
Construct Company Command Post
Crusader II Medium Tank
Grenade Package
Selects Off-map Airburst Barrage
Selects BL5.5 Artillery Emplacement
Matilda II Heavy Tank
Crusader II Medium Tank
Selects Volunteer Infantry
Nukepapa
GrumblingKingJ
CommanderQc
llllllllllll
0
0
Comments
sign in to comment!
No comments posted yet!